 Dungeon Crawl Stone Soup version 0.18-a0-750-g37044d6 (webtiles) character file.

989 JokEr the Skirmisher (level 7, 0/64 HPs)
             Began as a Green Draconian Berserker on Dec 11, 2015.
             Was a Priest of Trog.
             Killed from afar by cireshan's ghost (5 damage)
             ... with a puff of flame
             ... on level 5 of the Dungeon.
             The game lasted 00:09:42 (4933 turns).

JokEr the Skirmisher (Green Draconian Berserker)    Turns: 4933, Time: 00:09:42

Health: 0/64       AC:  7    Str: 21    XL:     7   Next: 98%
Magic:  7/7        EV: 14    Int:  8    God:    Trog [***...]
Gold:   170        SH:  0    Dex: 10    Spells: 0 memorised, 6 levels left

rFire  . . .     SeeInvis .     a - +0 hand axe
rCold  . . .     Clarity  .     (armour unavailable)
rNeg   . . .     SustAt   .     (no shield)
rPois  +         Gourm    .     (helmet restricted)
rElec  .         Spirit   .     (no cloak)
rCorr  .         Dismiss  .     f - +0 pair of gloves
rMut   .         Stasis   .     (no boots)
MR     .....                    (no amulet)
Stlth  +.........               (no ring)
                                (no ring)

@: short of breath, not resistant to hostile enchantments, very unstealthy
A: breathe noxious fumes, unfitting armour, poison resistance, cold-blooded, AC
+6
a: Breathe Noxious Fumes, Berserk, Trog's Hand, Burn Spellbooks, Renounce
Religion


You were on level 5 of the Dungeon.
You worshipped Trog.
Trog was most pleased with you.
You were very hungry.

You visited 1 branch of the dungeon, and saw 5 of its levels.

You collected 170 gold pieces.

Inventory:

Hand Weapons
 a - a +0 hand axe (weapon)
Armour
 f - a +0 pair of gloves (worn)
Jewellery
 q - an uncursed amulet of rage {unknown}
 s - an uncursed ring of flight {unknown}
 t - a cursed amulet of inaccuracy {unknown}
Scrolls
 b - a scroll of magic mapping {unknown}
 d - a scroll of immolation {unknown}
 e - 3 scrolls of identify {unknown}
 g - a scroll of fog {unknown}
 j - 4 scrolls of recharging {unknown}
 k - a scroll of blinking {unknown}
 p - a scroll of fear {unknown}
 v - a scroll of noise {unknown}
Potions
 h - a potion of poison {unknown}
 n - 2 potions of mutation {unknown}
 o - a potion of lignification {unknown}
Books
 i - a book of the Tempests

   Spells                             Type                      Level
   a - Static Discharge               Conjuration/Air              3
   b - Lightning Bolt                 Conjuration/Air              5
   c - Fireball                       Conjuration/Fire             5
   d - Tornado                        Air                          9
   e - Shatter                        Earth                        9
   Trog disapproves of the use of such an item.
 l - a Young Poisoner's Handbook

   Spells                             Type                      Level
   a - Sting                          Conjuration/Poison           1
   b - Cure Poison                    Poison                       2
   c - Mephitic Cloud                 Conjuration/Poison/Air       3
   d - Olgreb's Toxic Radiance        Poison                       4
   e - Venom Bolt                     Conjuration/Poison           5
   Trog disapproves of the use of such an item.
Comestibles
 c - 2 meat rations
 m - a beef jerky
 r - 2 slices of pizza
 w - a bread ration


   Skills:
 + Level 6.7 Fighting
 + Level 6.1 Axes
 + Level 5.4 Dodging


You had 6 spell levels left.
You didn't know any spells.

Dungeon Overview and Level Annotations

Branches:
Dungeon (5/15)
 Temple: D:4-7

Altars:

Annotations:
D:5 cireshan's ghost, amateur DsFE


Innate Abilities, Weirdness & Mutations

You can breathe blasts of noxious fumes.
Your lurid green scales are hard (AC +6).
Your body does not fit into most forms of armour.
Your system is resistant to poisons.
You are cold-blooded and may be slowed by cold attacks.


Message History

* * * LOW HITPOINT WARNING * * *
You hit cireshan's ghost.
Cireshan's ghost is severely damaged.
Cireshan's ghost says, "Death is but another step down the path of knowledge."
Cireshan's ghost hits you but does no damage.
You hit cireshan's ghost.
Your tail-slap misses cireshan's ghost.
Cireshan's ghost is severely damaged.
Cireshan's ghost says, "I love the smell of burning flesh."
Cireshan's ghost points at you and mumbles some strange words.
The puff of flame hits you!
* * * LOW HITPOINT WARNING * * *
You're too hungry to go berserk.
You hit cireshan's ghost. You tail-slap cireshan's ghost.
Cireshan's ghost is almost destroyed.
Cireshan's ghost hits you but does no damage.
You closely miss cireshan's ghost.
Cireshan's ghost is almost destroyed.
Cireshan's ghost gestures at you while chanting.
The puff of flame hits you!
You die...

##### #.(.# ######...###
........... #.. .(..(#
#.####...#
########.#...#.#############
...............W@...).......
....####.....#.#####)!......
.............#.# #........
....###.#...##.# #........
......#.#...##.# #........
....#.#.######.# #####....
....#.#.# ..# .... ......#.#
... ... #######.# #.#


You could see cireshan's ghost.

Vanquished Creatures
  Sigmund (D:2)
  The ghost of cluie the Insei, an amateur DsTm (D:3)
  An ice beast (D:5)
  A phantom (D:4)
  An ogre (D:4)
  2 crimson imps
  An orc priest (D:4)
  2 worker ants
  A killer bee zombie (D:5)
  An orc wizard (D:3)
  4 gnolls (D:5)
  6 adders
  An ooze (D:4)
  An adder skeleton (D:4)
  3 worms
  10 orcs
  7 giant cockroaches
  11 goblins
  14 hobgoblins
  4 jackals
  6 kobolds
  2 quokkas (D:4)
  7 bats
  8 giant geckos
  3 giant newts
  A quokka skeleton (D:4)
  7 rats
107 creatures vanquished.

Vanquished Creatures (others)
  An orc wizard (D:4)
1 creature vanquished.

Grand Total: 108 creatures vanquished

Notes
Turn   | Place    | Note
--------------------------------------------------------------
     0 | D:1      | JokEr the Draconian Berserker began the quest for the Orb.
     0 | D:1      | Reached XP level 1. HP: 19/19 MP: 1/1
   291 | D:1      | Reached XP level 2. HP: 25/27 MP: 2/2
   535 | D:1      | HP: 1/27 [hobgoblin (3)]
  1029 | D:1      | Reached ** piety under Trog
  1076 | D:1      | Reached XP level 3. HP: 33/33 MP: 3/3
  1257 | D:1      | Reached skill level 4 in Fighting
  1512 | D:2      | Noticed Sigmund
  1520 | D:2      | Killed Sigmund
  1520 | D:2      | Reached XP level 4. HP: 31/41 MP: 4/4
  1520 | D:2      | Reached XP level 5. HP: 35/47 MP: 5/5
  1819 | D:2      | Reached skill level 5 in Fighting
  2188 | D:3      | Noticed cluie's ghost (amateur DsTm)
  2212 | D:3      | Killed cluie's ghost
  2212 | D:3      | Reached XP level 6. HP: 44/56 MP: 6/6
  2533 | D:3      | Reached *** piety under Trog
  2883 | D:4      | Reached skill level 5 in Axes
  3045 | D:4      | Your scales start taking on a lurid green colour.
  3045 | D:4      | Gained mutation: Your system is resistant to poisons. [Green Draconian growth]
  3045 | D:4      | Reached XP level 7. HP: 54/62 MP: 7/7
  3192 | D:4      | Reached skill level 6 in Fighting
  3351 | D:4      | Found a glowing drain.
  3746 | D:4      | Reached skill level 5 in Dodging
  4134 | D:5      | Entered Level 5 of the Dungeon
  4911 | D:5      | Noticed cireshan's ghost (amateur DsFE)
  4933 | D:5      | Killed from afar by cireshan's ghost

Vault maps used:
D:1:      scummos_arrival_checkerplants
D:2:      uniq_sigmund
D:4:      minmay_door_path, gup_sewer_entry_spiral
D:5:      minmay_temple_entry_grid, first_bread

Action                   |  1- 3 |  4- 6 |  7- 9 || total
-------------------------+-------+-------+-------++-------
Melee: Hand axe          |   116 |   164 |   223 ||   503
Invok: Berserk           |     1 |     2 |     2 ||     5
 Abil: Breathe Noxious F |       |       |     1 ||     1
  Use: Potion            |       |       |     1 ||     1
 Stab: Sleeping          |       |     1 |       ||     1
  Eat: Bread ration      |     1 |     1 |     2 ||     4
